 Dungeon Crawl Stone Soup version 0.28.0-45-g0d030f2227 (webtiles) character file.

Game seed: 9795913592972661207

606 Ablot the Cutter (level 7, -5/60 HPs)
             Began as a Gnoll Chaos Knight on Apr 20, 2022.
             Was a Plaything of Xom.
             Slain by a phantom (6 damage)
             ... on level 4 of the Dungeon.
             The game lasted 00:06:30 (3411 turns).

Ablot the Cutter (Gnoll Chaos Knight)               Turns: 3411, Time: 00:06:30

Health: -5/60      AC:  5    Str: 13    XL:     7   Next: 42%
Magic:  10/10      EV: 12    Int: 13    God:    Xom [....*.]
Gold:   184        SH:  0    Dex: 12    Spells: 11/11 levels left

rFire   . . .      SeeInvis .   a - +0 short sword (chaos)
rCold   . . .      Faith    .   (no shield)
rNeg    . . .      Spirit   .   b - +2 leather armour
rPois   +          Reflect  .   (no helmet)
rElec   .          Harm     .   (no cloak)
rCorr   .          Rampage  .   (no gloves)
Will    .....                   (no boots)
Stlth   ++........              (no amulet)
HPRegen 0.20/turn               n - ring of poison resistance
MPRegen 0.12/turn               (no ring)

@: no status effects
A: fangs 1, strong nose, distributed training, clever 1, deterioration 1
a: Renounce Religion


You were on level 4 of the Dungeon.
You worshipped Xom.
You were a beloved toy of Xom.
You visited 1 branch of the dungeon, and saw 4 of its levels.
You also visited: Ossuary.

You collected 223 gold pieces.
You spent 39 gold pieces at shops.

Inventory:

Hand Weapons
 a - a +0 short sword of chaos (weapon)
 k - the +12 whip of Idossiox {drain, rC+ rCorr}
   (You found it on level 3 of the Dungeon)

   A truly terrible weapon, it drains the life of any living foe it strikes.
   rC:        It protects you from cold.
   rCorr:     It protects you from acid and corrosion.
Missiles
 c - 6 javelins (quivered)
 g - 80 stones
 q - 15 bolts
Armour
 b - a +2 leather armour (worn)
Magical Staves
 f - a staff of fire
Jewellery
 n - a ring of poison resistance (left hand)
 p - a ring of fire
Wands
 o - a wand of charming (14)
 r - a wand of iceblast (10)
Scrolls
 e - 6 scrolls of identify {unknown}
 i - 2 scrolls of enchant armour {unknown}
 m - 2 scrolls of fog {unknown}
 s - a scroll of brand weapon {unknown}
Potions
 h - a potion of curing
 j - 4 potions of brilliance {unknown}
 l - a potion of cancellation {unknown}
 t - 2 potions of attraction {unknown}
 u - a potion of invisibility {unknown}
 v - a potion of flight {unknown}


   Skills:
 + Level 7.0 Fighting
 + Level 7.0 Short Blades
 + Level 2.5 Long Blades
 + Level 2.5 Axes
 + Level 2.5 Maces & Flails
 + Level 2.5 Polearms
 + Level 2.5 Staves
 + Level 2.5 Slings
 + Level 2.5 Bows
 + Level 2.5 Crossbows
 + Level 2.5 Throwing
 + Level 5.2 Armour
 + Level 3.6 Dodging
 + Level 2.5 Stealth
 + Level 2.5 Shields
 + Level 2.5 Unarmed Combat
 + Level 2.5 Spellcasting
 + Level 2.0 Conjurations
 + Level 2.0 Hexes
 + Level 2.0 Summonings
 + Level 2.0 Necromancy
 + Level 2.0 Translocations
 + Level 2.0 Transmutations
 + Level 2.0 Fire Magic
 + Level 2.0 Ice Magic
 + Level 2.0 Air Magic
 + Level 2.0 Earth Magic
 + Level 2.0 Poison Magic
 + Level 2.7 Invocations
 + Level 2.5 Evocations


You had 11 spell levels left.
You didn't know any spells.
Your spell library contained the following spells:

 Spells                   Type           Power      Damage    Failure   Level
 Inner Flame              Hex/Fire       6%         N/A       36%         3
 Cause Fear               Hex            3%         N/A       77%         4
 Discord                  Hex            3%         N/A       100%        8


Dungeon Overview and Level Annotations

Branches:
Dungeon (4/15)            Ossuary (visited)
 Temple: D:4-7

Altars:

Shops:
D:2 !


Innate Abilities, Weirdness & Mutations

You have very sharp teeth.
Your uncanny sense of smell can sniff out nearby items.
Your experience applies equally to all skills.
Your mind is acute. (Int +2)
Your body sometimes deteriorates upon taking damage.


Message History

You barely miss something. Your bite misses something. Something hits you.
You closely miss something. Something hits you but does no damage.
You hit something but do no damage.
Nothing appears to happen.
Something hits you!
* * * LOW HITPOINT WARNING * * *
You miss something. Something hits you but does no damage.
You completely miss something. Your bite misses something.
Something hits you but does no damage.
You hit something. You burn something. Something hits you but does no damage.
You closely miss something. Your bite misses something. Something hits you.
* * * LOW HITPOINT WARNING * * *
You blink.
Something hits you.
* * * LOW HITPOINT WARNING * * *
You closely miss something. Your claw misses something. Something hits you.
* * * LOW HITPOINT WARNING * * *
You blink.
You closely miss something. Something hits you.
* * * LOW HITPOINT WARNING * * *
You blink.
It was a potion of mutation.
You feel extremely strange.
Your fingernails shrink to normal size.
Your skin warms up.
You feel yourself wasting away.
Xom thinks this is hilarious!
Something hits you.
* * * LOW HITPOINT WARNING * * *
You blink.
You feel better. Something hits you.
* * * LOW HITPOINT WARNING * * *
You blink.
Something hits you.
* * * LOW HITPOINT WARNING * * *
You blink.
Unknown command.
Something hits you.
* * * LOW HITPOINT WARNING * * *
You blink.
Unknown command.
You closely miss something. Something hits you but does no damage.
You closely miss something. Something hits you.
You die...

, ,,, ,, ,,,*
*, ,,,,,, , ,
,,,,,,,,,, ,
*,,,,,,,,,,,,,*
*,,, ,, , ,,,,*
* ,,,,,,,, ,,,*
******##+####*
* ,,,,,#.....#
*, ,,,#...@.#
*,,,,,,#§....#
*,,,,,,##§...#
*,,,,,,*#.§..#
###### *
∆,*#....#
.##..####,,
*#....#
........#,,,
#....#
........#,,
*#....#
........#
##....#


There were no monsters in sight!

Vanquished Creatures
  A water moccasin (D:4)
  A scorpion (D:3)
  A centaur zombie (Ossuary)
  An orc priest (D:4)
  A human zombie (Ossuary)
  Ijyb (D:3)
  An orc wizard (D:4)
  2 hound zombies (Ossuary)
  3 mummies (Ossuary)
  5 adders (D:2)
  A gnoll (D:2)
  4 adder zombies (Ossuary)
  2 worms
  2 dart slugs
  An orc (D:4)
  7 bats
  5 endoplasms
  6 giant cockroaches
  7 goblins
  3 hobgoblins (D:1)
  3 jackals (D:3)
  5 kobolds
  A quokka (D:2)
  5 ball pythons
  2 frilled lizards
  2 gnoll zombies (Ossuary)
  A goblin zombie (Ossuary)
  4 hobgoblin zombies (Ossuary)
  A jackal zombie (Ossuary)
  5 kobold zombies (Ossuary)
  2 quokka zombies (Ossuary)
  2 rats
  2 rat zombies (Ossuary)
90 creatures vanquished.

Vanquished Creatures (collateral kills)
  A centaur zombie (Ossuary)
  A hound zombie (Ossuary)
  2 adders (D:2)
  A ball python (D:2)
  A goblin (D:2)
  2 jackals (D:2)
  A kobold (D:2)
  A goblin zombie (Ossuary)
  A jackal zombie (Ossuary)
  2 kobold zombies (Ossuary)
  2 quokka zombies (Ossuary)
  A rat (D:2)
16 creatures vanquished.

Vanquished Creatures (others)
  2 fungi (D:1)
  A plant (D:1)
3 creatures vanquished.

Grand Total: 109 creatures vanquished

Notes
Turn   | Place    | Note
-------+----------+-------------------------------------------
     0 | D:1      | Ablot the Gnoll Chaos Knight began the quest for the Orb.
     0 | D:1      | Reached XP level 1. HP: 23/23 MP: 1/1
    58 | D:1      | XOM: butterfly on damage
   161 | D:1      | Reached XP level 2. HP: 29/29 MP: 2/2
   180 | D:1      | XOM: cloud trail
   464 | D:1      | Reached XP level 3. HP: 26/35 MP: 3/3
   615 | D:1      | Found a faded altar of an unknown god.
   751 | D:1      | XOM: scenery: 1 doors close
   810 | D:2      | XOM: potion effect (berserk rage)
   812 | D:2      | Reached skill level 1 in Invocations
   846 | D:2      | Reached skill level 1 in Long Blades
   846 | D:2      | Reached skill level 1 in Axes
   846 | D:2      | Reached skill level 1 in Maces & Flails
   846 | D:2      | Reached skill level 1 in Polearms
   846 | D:2      | Reached skill level 1 in Staves
   846 | D:2      | Reached skill level 1 in Slings
   846 | D:2      | Reached skill level 1 in Bows
   846 | D:2      | Reached skill level 1 in Crossbows
   846 | D:2      | Reached skill level 1 in Throwing
   846 | D:2      | Reached skill level 1 in Stealth
   846 | D:2      | Reached skill level 1 in Shields
   846 | D:2      | Reached skill level 1 in Unarmed Combat
   846 | D:2      | Reached skill level 1 in Spellcasting
   846 | D:2      | Reached skill level 1 in Evocations
   863 | D:2      | Reached XP level 4. HP: 32/41 MP: 5/5
   878 | D:2      | XOM: 2-stop teleportation journey
   927 | D:2      | XOM: god gift: 54 gold pieces
   996 | D:2      | Reached skill level 1 in Conjurations
   996 | D:2      | Reached skill level 1 in Hexes
   996 | D:2      | Reached skill level 1 in Summonings
   996 | D:2      | Reached skill level 1 in Necromancy
   996 | D:2      | Reached skill level 1 in Translocations
   996 | D:2      | Reached skill level 1 in Transmutations
   996 | D:2      | Reached skill level 1 in Fire Magic
   996 | D:2      | Reached skill level 1 in Ice Magic
   996 | D:2      | Reached skill level 1 in Air Magic
   996 | D:2      | Reached skill level 1 in Earth Magic
   996 | D:2      | Reached skill level 1 in Poison Magic
  1005 | D:2      | Found Suili's Distillery.
  1013 | D:2      | Bought a potion of curing for 39 gold pieces
  1118 | D:2      | XOM: divination: detect items
  1163 | D:2      | Reached XP level 5. HP: 35/47 MP: 6/6
  1179 | D:2      | XOM: give mutations
  1179 | D:2      | Gained mutation: You expend magic power (3 MP) to
                  | strengthen your wands. [Xom's grace]
  1179 | D:2      | Gained mutation: A frigid envelope surrounds you and
                  | freezes all who hurt you. [Xom's grace]
  1179 | D:2      | Gained mutation: You have a pair of small horns on your
                  | head. [Xom's grace]
  1491 | D:3      | Identified the +12 whip of Idossiox {drain, rC+ rCorr}
  1595 | D:3      | XOM: give mutations
  1595 | D:3      | Gained mutation: You have sharp fingernails. [Xom's
                  | mischief]
  1595 | D:3      | Gained mutation: Your mind is acute. (Int +2) [Xom's
                  | mischief]
  1595 | D:3      | Lost mutation: You have a pair of small horns on your head.
                  | [Xom's mischief]
  1595 | D:3      | Lost mutation: You expend magic power (3 MP) to strengthen
                  | your wands. [Xom's mischief]
  1695 | D:3      | Noticed Ijyb
  1700 | D:3      | Killed Ijyb
  1738 | D:3      | XOM: god gift: ring of fire
  2109 | D:3      | Reached XP level 6. HP: 37/53 MP: 8/8
  2363 | D:4      | XOM: 2-stop teleportation journey
  2408 | D:4      | Found a sand-covered staircase.
  2450 | Ossuary  | Entered an ossuary
  2504 | Ossuary  | Reached skill level 5 in Armour
  2575 | Ossuary  | XOM: summons friendly ufetubus
  2794 | Ossuary  | Reached XP level 7. HP: 55/59 MP: 10/10
  2802 | Ossuary  | XOM: butterfly on damage
  2954 | Ossuary  | XOM: cloud trail
  3041 | Ossuary  | XOM: noise
  3248 | D:4      | XOM: scenery: 2 doors open
  3326 | D:4      | XOM: divination: magic mapping
  3407 | D:4      | Lost mutation: You have sharp fingernails. [potion of
                  | mutation]
  3407 | D:4      | Lost mutation: A frigid envelope surrounds you and freezes
                  | all who hurt you. [potion of mutation]
  3407 | D:4      | Gained mutation: Your body sometimes deteriorates upon
                  | taking damage. [potion of mutation]
  3409 | D:4      | HP: 1/60 [something (5)]
  3411 | D:4      | Slain by a phantom

Illustrated notes

Levels and vault maps discovered:
D:1:      sevenhm_arrival_forest_fort_small_3, layout_rooms,
          dreamdust_ecumenical_altar_grove
D:2:      layout_rooms, serial_glass, glass_columns_c, glass_columns_a,
          minmay_strange_pillars, feat_on_display, feat_on_display,
          serial_shops, nicolae_shop_stone, minmay_pentomino_r4
D:3:      minmay_wonky_spiral, layout_basic, minmay_misc_feat_encased, uniq_ijyb
D:4:      layout_gridville, nicolae_ossuary_entry_false_entrances,
          kennysheep_generic_room_7

Skill      XL: |  1  2  3  4  5  6  7 |
---------------+----------------------+-----
Invocations    | 1 2 |  2.7
Long Blades    | 1 2 |  2.5
Axes           | 1 2 |  2.5
Maces & Flails | 1 2 |  2.5
Polearms       | 1 2 |  2.5
Staves         | 1 2 |  2.5
Slings         | 1 2 |  2.5
Bows           | 1 2 |  2.5
Crossbows      | 1 2 |  2.5
Throwing       | 1 2 |  2.5
Stealth        | 1 2 |  2.5
Shields        | 1 2 |  2.5
Unarmed Combat | 1 2 |  2.5
Spellcasting   | 1 2 |  2.5
Evocations     | 1 2 |  2.5
Conjurations   | 1 2 |  2.0
Hexes          | 1 2 |  2.0
Summonings     | 1 2 |  2.0
Necromancy     | 1 2 |  2.0
Translocations | 1 2 |  2.0
Transmutations | 1 2 |  2.0
Fire Magic     | 1 2 |  2.0
Ice Magic      | 1 2 |  2.0
Air Magic      | 1 2 |  2.0
Earth Magic    | 1 2 |  2.0
Poison Magic   | 1 2 |  2.0
Dodging        | 3 |  3.6
Armour         | 5 |  5.2
Fighting       | 7 |  7.0
Short Blades   | 7 |  7.0

Action                   |  1- 3 |  4- 6 |  7- 9 || total
-------------------------+-------+-------+-------++-------
Melee: Short sword       |    66 |   192 |    82 ||   340
       Unarmed           |     6 |       |       ||     6
       Bite              |     4 |    26 |    10 ||    40
       Punch             |       |     5 |     1 ||     6
  Use: Potion            |       |       |     2 ||     2
 Stab: Sleeping          |       |     4 |       ||     4
       Petrified         |       |     1 |       ||     1
Armor: Leather armour    |    33 |    61 |    24 ||   118
Dodge: Dodged            |    64 |    89 |    14 ||   167
